 Dungeon Crawl Stone Soup version 0.31.0-9-g3a7656b989 (webtiles) character file.

Game seed: 15557889159698713454

8317 Colgate the Basher (level 11, -4/90 HPs)
             Began as a Demonspawn Fighter on Jan 28, 2024.
             Was an Elder of Wu Jian.
             Slain by a two-headed ogre
             ... wielding a +0 giant club
              (25 damage)
             ... on level 10 of the Dungeon.
             The game lasted 00:24:39 (10358 turns).

Colgate the Basher (Demonspawn Fighter)            Turns: 10358, Time: 00:24:40

Health: -4/90      AC: 15    Str: 20    XL:     11   Next: 8%
Magic:  11/11      EV: 10    Int: 15    God:    Wu Jian [****..]
Gold:   505        SH:  4    Dex: 13    Spells: 10/10 levels left

rFire   . . .        b - +2 hammer (drain)
rCold   . . .        c - +0 buckler
rNeg    . . .        O - +0 plate armour
rPois   +            j - +0 helmet
rElec   .            n - +0 cloak
rCorr   .            e - +0 pair of gloves
SInv    .            (no boots)
Will    .....        L - amulet of the acrobat Stlth
                     k - +6 ring of intelligence
HPRegen 0.35/turn    w - ring of poison resistance
MPRegen 0.12/turn

%: acrobat
@: agile, on berserk cooldown, slowed, very slow
A: powered by pain 3, spiny 2, weakness stinger 2
a: Renounce Religion, Wall Jump, Serpent's Lash


You were on level 10 of the Dungeon.
You worshipped Wu Jian.
Wu Jian was greatly pleased with you.
You visited 2 branches of the dungeon, and saw 11 of its levels.

You collected 505 gold pieces.

Inventory:

Hand Weapons
 a - a +0 morningstar
 b - a +2 hammer of draining (weapon)
 v - a +2 dagger of electrocution
 M - the +1 quarterstaff "Sithreef" {spect, rElec Str-2 Dex+4 SInv}
   (You found it on level 9 of the Dungeon)

   Str-2:     It affects your strength (-2).
   Dex+4:     It affects your dexterity (+4).
   rElec:     It insulates you from electricity.
   SInv:      It lets you see invisible.
Missiles
 h - 7 boomerangs (quivered)
 u - 3 javelins
Armour
 c - a +0 buckler (worn)
 e - a +0 pair of gloves (worn)
 j - a +0 helmet (worn)
 n - a +0 cloak (worn)
 z - the +2 robe of Muttered Phrases {Will- Regen+ Int+4 Archmagi}
   (You found it on level 5 of the Dungeon)

   Int+4:     It affects your intelligence (+4).
   Will-:     It decreases your willpower.
   Regen+:    It increases your rate of health regeneration.
   Archmagi:  It increases the power of your magical spells.
 D - a +0 kite shield
 O - a +0 plate armour (worn)
Jewellery
 k - a +6 ring of intelligence (left hand)
 w - a ring of poison resistance (right hand)
 L - an amulet of the acrobat (around neck)
Wands
 m - a wand of flame (4)
 G - a wand of mindburst (11)
 N - a wand of roots (3) {@v2}
Scrolls
 f - a scroll of blinking {@r4}
 g - a scroll of fog {unknown}
 i - 3 scrolls of vulnerability
 p - a scroll of enchant weapon
 q - a scroll of noise {unknown}
 r - 3 scrolls of teleportation {@r3}
 y - a scroll of summoning {unknown}
 A - a scroll of revelation
 C - 4 scrolls of fear {unknown}
 F - 2 scrolls of torment {unknown}
 H - a scroll of poison
 J - a scroll of amnesia {unknown}
Potions
 d - 4 potions of might {@q3}
 l - 2 potions of lignification
 o - 2 potions of heal wounds {@q2}
 t - a potion of mutation {unknown}
 x - 2 potions of haste {@q4}
 B - 2 potions of cancellation {unknown}
 E - 3 potions of brilliance
 I - a potion of magic {unknown}
 K - 3 potions of curing {unknown}
 P - 3 potions of attraction {unknown}


   Skills:
 + Level 10.1 Fighting
 - Level 12.9 Maces & Flails
 - Level 4.0 Armour
 - Level 2.6 Shields


You had 10 spell levels left.
You didn't know any spells.
Your spell library contained the following spells:

 Spells                   Type           Power      Damage    Failure   Level
 Kiss of Death            Conj/Necr      0%         2d5       100%        1
 Ensorcelled Hibernation  Hex/Ice        0%         N/A       100%        2
 Confusing Touch          Hex            0%         N/A       100%        3
 Dazzling Flash           Conj/Hex       0%         N/A       100%        3
 Fugue of the Fallen      Necr           0%         N/A       100%        3
 Mephitic Cloud           Conj/Alch/Air  0%         N/A       100%        3
 Anguish                  Hex/Necr       0%         N/A       100%        4
 Dispel Undead            Necr           0%         3d6       100%        4
 Curse of Agony           Necr           0%         N/A       100%        5
 Silence                  Hex/Air        0%         N/A       100%        5


Dungeon Overview and Level Annotations

Branches:
Dungeon (10/15)            Temple (1/1) D:6            Lair (0/5) D:9
    Orc: D:9-12

Altars:
Ashenzari
Cheibriados
Dithmenos
Fedhas
Gozag
Hepliaklqana
Kikubaaqudgha
Makhleb
Nemelex Xobeh
Okawaru
Qazlal
Sif Muna
Trog
Uskayaw
Vehumet
Wu Jian
Xom
Yredelemnul

Shops:
D:4 =

Annotations:
D:9 2 runed translucent doors


Innate Abilities, Weirdness & Mutations

You are powered by pain.
You are mostly covered in sharp spines.
You have a tail ending in a sharp stinger.


Message History

You tail-slap the hornet, but do no damage.
You sock the hornet!
You kill the hornet!
The Council accepts your kill.
The killer bee moves out of view.
Your Fighting skill increases to level 10!
Aiming: Wall Jump
Press: ? - help, Dir - move target You have no room to wall jump there; something you can't see is in the way.
Okay, then.
You barely miss the troll. You sock the troll!
The troll is struck by your spines. The troll barely misses you.
The troll claws you. The troll closely misses you.
You closely miss the troll. You thump the troll! You drain the troll.
You hear an angry buzzing noise.
The troll bites you. The troll claws you but does no damage.
You block the troll's attack.
You sock the troll!
You kill the troll!
The Council accepts your kill.
The troll's shape twists and changes as it dies.
You lunge at the two-headed ogre.
The killer bee buzzes angrily.
You thump the two-headed ogre! You drain the two-headed ogre.
You are no longer berserk.
You are exhausted.
You feel yourself slow down.
You see here a shapeshifter corpse.
The centaur warrior shoots an arrow.
The arrow hits you!!
* * * LOW HITPOINT WARNING * * *
You focus on the pain.
You feel agile all of a sudden.
The two-headed ogre attacks as it pursues you!
The two-headed ogre misses you.
The two-headed ogre hits you with a +0 giant spiked club.
* * * LOW HITPOINT WARNING * * *
You thump the two-headed ogre!
The two-headed ogre hits you with a +0 giant club!!
You die...

,,,,,#..# #.........#
,,,,,##.#****####.##...#
*+****...,,,*,,)...#...#
,,,***,****,*,####.###.#
,,,*,,,*,,,,*,,..#...#.#
,,,,,***,*,***,*.###...#
*+**,*,,,*,,,,,*,..#.#.#
,,,*,*,*****,**###.#.#.#
,^,*,*,,,*,,,,,#@†.#.#.#
,,,*,,,*,*,***o#O#...#.#
,,,*****,,,* #.yc#####.#
,,,*,,,*,*,**#o#o#,,,#.#
,,,*,*,,,*,,.!C#..,*,#.#
,,,*,*,****#.#*###,*,*,*
,,,*,*,,,*...,,*,,,*,*,*
,,,,,***,#.#**,*,***,,,*
****,,,*,..,*,,,,*,,,*,*


You could see a centaur warrior, a two-headed ogre (drained), a cyclops shaped
shifter, an orc warrior, a killer bee and an orc priest.

Vanquished Creatures
  A troll (shapeshifter) (D:10)
  3 hornets
  Grinder (D:5)
  A troll (D:10)
  12 yaks
  2 wyverns
  3 hogs (D:7)
  A human (D:7)
  A steam dragon (D:10)
  Menkaure (D:6)
  Edmund (D:6)
  Duvessa (D:5)
  2 water moccasins
  Pargi (D:3)
  3 ice beasts
  2 black bears (D:7)
  2 orc warriors (D:9)
  2 sky beasts (D:7)
  6 centaurs
  The ghost of Skimidon the Trooper, an amateur DsFi of Hepliaklqana (D:4)
  2 wolves (D:9)
  2 ogres
  3 bullfrogs
  A gnoll sergeant (D:7)
  6 scorpions (D:5)
  4 wights (D:9)
  Dowan (D:5)
  2 killer bees (D:5)
  3 howler monkeys (D:9)
  The ghost of fly the Sneak, a weakling KoDe of Uskayaw (D:4)
  4 bombardier beetles
  5 orc priests
  Crazy Yiuf (D:2)
  A hound (D:7)
  4 iguanas
  2 sleepcaps
  Natasha (thrice) (D:4)
  7 orc wizards
  A hound zombie (D:4)
  7 gnolls
  6 adders
  A shadow imp (D:7)
  2 white imps
  An adder zombie (D:4)
  A ribbon worm (D:2)
  3 dart slugs
  27 orcs
  2 bats (D:1)
  8 endoplasms
  6 giant cockroaches
  6 goblins
  4 hobgoblins
  2 jackals (D:1)
  4 quokkas
  5 ball pythons
  4 frilled lizards
  4 kobolds
  5 rats (D:1)
  A spectral goblin (D:1)
199 creatures vanquished.

Notes
Turn   | Place    | Note
-------+----------+-------------------------------------------
     0 | D:1      | Colgate the Demonspawn Fighter began the quest for the Orb.
     0 | D:1      | Reached XP level 1. HP: 18/18 MP: 1/1
    46 | D:1      | Reached skill level 2 in Maces & Flails
   199 | D:1      | Gained mutation: You sometimes gain a little power by
                  | taking damage. [demonic ancestry]
   199 | D:1      | Reached XP level 2. HP: 24/24 MP: 2/2
   245 | D:1      | Found a faded altar of an unknown god.
   259 | D:1      | Prayed at the altar of an unknown god.
   259 | D:1      | Became a worshipper of the Wu Jian Council
   259 | D:1      | Reached * piety under Wu Jian
   594 | D:1      | Reached skill level 3 in Maces & Flails
  1436 | D:2      | Reached XP level 3. HP: 29/29 MP: 3/3
  1611 | D:2      | Found a runed translucent door.
  1612 | D:2      | Noticed Crazy Yiuf
  1618 | D:2      | Killed Crazy Yiuf
  1850 | D:2      | Reached skill level 4 in Maces & Flails
  1850 | D:2      | Gained mutation: You have a small tail. [demonic ancestry]
  1850 | D:2      | Reached XP level 4. HP: 35/35 MP: 4/4
  2478 | D:3      | Noticed Pargi
  2487 | D:3      | Killed Pargi
  2488 | D:3      | Reached skill level 5 in Maces & Flails
  2488 | D:3      | Gained mutation: You sometimes gain power by taking damage.
                  | [demonic ancestry]
  2488 | D:3      | Reached XP level 5. HP: 41/41 MP: 5/5
  2543 | D:3      | Found a bloodstained altar of Trog.
  2595 | D:3      | Reached ** piety under Wu Jian
  3246 | D:4      | Noticed Natasha
  3253 | D:4      | Killed Natasha
  3254 | D:4      | Gained mutation: You are partially covered in sharp spines.
                  | [demonic ancestry]
  3254 | D:4      | Reached XP level 6. HP: 41/47 MP: 6/6
  3284 | D:4      | Found a shimmering altar of Xom.
  3286 | D:4      | Reached skill level 6 in Maces & Flails
  3297 | D:4      | Reached skill level 7 in Maces & Flails
  3421 | D:4      | Gained mutation: You are mostly covered in sharp spines.
                  | [demonic ancestry]
  3421 | D:4      | Reached XP level 7. HP: 52/52 MP: 7/7
  3423 | D:4      | Found a runed translucent door.
  3509 | D:4      | Found Uraito's Jewellery Emporium.
  3634 | D:4      | Noticed Natasha
  3639 | D:4      | Killed Natasha
  3645 | D:4      | Noticed Natasha
  3653 | D:4      | Killed Natasha
  3781 | D:4      | Noticed Skimidon's ghost (amateur DsFi)
  4004 | D:4      | Found a runed translucent gate.
  4004 | D:4      | Found a runed translucent gate.
  4004 | D:4      | Found a runed translucent gate.
  4004 | D:4      | Noticed fly's ghost (weakling KoDe)
  4006 | D:4      | Found a basalt altar of Yredelemnul.
  4028 | D:4      | Killed fly's ghost
  4131 | D:4      | Killed Skimidon's ghost
  4225 | D:5      | Entered Level 5 of the Dungeon
  4259 | D:5      | Reached skill level 8 in Maces & Flails
  4520 | D:5      | Identified the +2 robe of Muttered Phrases {Will- Regen+
                  | Int+4 Archmagi}
  4523 | D:5      | Reached *** piety under Wu Jian
  4537 | D:5      | Gained mutation: You are powered by pain. [demonic
                  | ancestry]
  4537 | D:5      | Reached XP level 8. HP: 58/58 MP: 8/8
  4538 | D:5      | Found a burning altar of Makhleb.
  4634 | D:5      | Noticed Grinder
  4640 | D:5      | Paralysed by Grinder for 2 turns
  4657 | D:5      | Killed Grinder
  4658 | D:5      | Reached skill level 9 in Maces & Flails
  4907 | D:5      | Found a shimmering blue altar of Sif Muna.
  4991 | D:5      | Noticed Duvessa
  4993 | D:5      | Noticed Dowan
  4998 | D:5      | Killed Duvessa
  4999 | D:5      | Reached skill level 10 in Maces & Flails
  5001 | D:5      | Killed Dowan
  5023 | D:5      | Found a runed translucent door.
  5040 | D:5      | Found a runed translucent door.
  5077 | D:5      | Reached XP level 9. HP: 45/63 MP: 9/9
  5174 | D:6      | Reached skill level 11 in Maces & Flails
  5285 | D:6      | Noticed Menkaure
  5302 | D:6      | Killed Menkaure
  6104 | D:6      | Found a staircase to the Ecumenical Temple.
  6104 | D:6      | Noticed Edmund
  6111 | D:6      | Killed Edmund
  6151 | Temple   | Entered the Ecumenical Temple
  6300 | D:7      | Reached skill level 12 in Maces & Flails
  6326 | D:7      | Found a stormy altar of Qazlal.
  6698 | D:7      | Reached **** piety under Wu Jian
  7474 | D:7      | Reached XP level 10. HP: 71/73 MP: 10/10
  7492 | D:7      | Reached skill level 5 in Fighting
  8599 | D:9      | Identified the +1 quarterstaff "Sithreef" {spect, rElec
                  | Str-2 Dex+4 SInv}
  8780 | D:9      | Found a staircase to the Lair.
  9738 | D:9      | Found a large runed translucent door.
  9739 | D:9      | Found a large runed translucent door.
  9742 | D:9      | Noticed a red ugly thing
  9743 | D:9      | Found a shimmering altar of Xom.
  9743 | D:9      | Noticed a purple ugly thing
 10021 | D:10     | Entered Level 10 of the Dungeon
 10196 | D:10     | Gained mutation: You have a tail ending in a sharp stinger.
                  | [demonic ancestry]
 10196 | D:10     | Reached XP level 11. HP: 90/90 MP: 11/11
 10340 | D:10     | Noticed a centaur warrior
 10340 | D:10     | Noticed a two-headed ogre
 10351 | D:10     | Reached skill level 10 in Fighting
 10358 | D:10     | Slain by a two-headed ogre

Illustrated notes

Levels and vault maps discovered:
D:1:      dpeg_arrival_subterranean_lakeside_camping, layout_loops_corners,
          serial_forest, infiniplex_forest_corner_1,
          infiniplex_forest_clump_long, infiniplex_forest_zigzag_1,
          infiniplex_forest_clump_C, infiniplex_forest_lined_corner,
          infiniplex_forest_lined_corner,
          dreamdust_ecumenical_altar_drowned_temple, minmay_tiny_reverse_x
D:2:      layout_basic, minivault_11, corexii_shack, serial_bayou_pond_e,
          uniq_crazy_yiuf_cottage
D:3:      layout_basic, mainiacjoe_overflow_tiny_flanked, uniq_pargi
D:4:      layout_rooms, mainiacjoe_overflow_brackets,
          nicolae_yredelemnul_ghost_church, ebering_ghost_reflecting_pool,
          serial_shops, shop, serial_library_hellmonk_filled_rooms,
          st_stairs_12, hangedman_decor_peaks_small, minmay_tree_intersection,
          uniq_natasha
D:5:      lemuel_insect_pit, layout_rooms, nicolae_sif_muna_condensation,
          mainiacjoe_overflow_cross_hatched, uniq_grinder, uniq_duvessa
D:6:      layout_basic, temple_green, uniq_menkaure, uniq_edmund
D:7:      wander_river, layout_basic, nicolae_qazlal_style_of_elements,
          grunt_livestock, grunt_decor_clamped, reono_crystal_passage
D:8:      layout_gridville, kennysheep_generic_room_8
D:9:      due_chaos_kobolds, layout_loops_ring, erik_lair_orcish_takeover
D:10:     layout_stronghold, nicolae_ru_great_annihilating_truth,
          serial_library_hellmonk_junction, nicolae_doodle_vault
Temple:   regret_index_temple_waves

Skill      XL: |  1  2  3  4  5  6  7  8  9 10 11 |
---------------+----------------------------------+-----
Maces & Flails | 2 3 4 5 7 8 10 12 | 12.9
Fighting       | 4 9 10 | 10.1
Armour         | 4 |  4.0
Shields        | |  2.6

Action                     |  1- 3 |  4- 6 |  7- 9 | 10-12 || total
---------------------------+-------+-------+-------+-------++-------
  Melee: Flail             |    82 |       |    22 |       ||   104
         Mace              |     8 |    76 |   224 |   196 ||   504
         Tailslap          |       |    11 |    40 |    28 ||    79
         Morningstar       |       |       |     2 |     7 ||     9
  Throw: Boomerang         |       |       |    11 |       ||    11
Ability: Lunge             |     2 |     9 |    17 |    13 ||    41
         Whirlwind         |       |     7 |    12 |     7 ||    26
         Wall Jump         |       |     1 |     5 |     2 ||     8
    Use: Scroll            |       |     5 |     3 |     4 ||    12
         Potion            |       |     1 |       |     1 ||     2
 Armour: Scale mail        |    40 |       |       |       ||    40
         Chain mail        |    24 |    47 |   173 |    94 ||   338
         Plate armour      |       |       |       |    25 ||    25
  Dodge: Dodged            |    32 |    30 |    57 |    32 ||   151
  Block: Buckler           |    14 |    13 |    54 |    22 ||   103
